 Dungeon Crawl Stone Soup version 0.16.2-12-gd0ad4c3 (webtiles) character file.

4897 magipi the Basher (level 10, -1/63 HPs)
             Began as a Gargoyle Warper on Sept 2, 2016.
             Was an Initiate of Kikubaaqudgha.
             Slain by a shadow (30 damage)
             ... on level 7 of the Dungeon on Apr 2, 2017.
             The game lasted 00:40:19 (9572 turns).

magipi the Basher (Gargoyle Warper)                 Turns: 9572, Time: 00:40:19

Health: -1/63      AC: 18    Str: 21    XL:     10   Next: 51%
Magic:  16/16      EV: 12    Int: 13    God:    Kikubaaqudgha [......]
Gold:   700        SH:  0    Dex: 16    Spells: 2 memorised, 10 levels left

rFire  . . .     SeeInvis .     a - +1 whip (drain)
rCold  . . .     Clarity  .     x - +0 ring mail
rNeg   + + .     SustAb   .     (no shield)
rPois  ∞         Gourm    .     o - +2 helmet
rElec  +         Spirit   .     (no cloak)
rCorr  .         Warding  +     u - +1 pair of gloves
rMut   .         Stasis   .     (no boots)
MR     .....                    E - amulet of warding
Stlth  +.........               G - ring "Epseod" {Str+2 Dex+4}
                                h - +3 ring of strength

@: not resistant to hostile enchantments, very unstealthy
A: negative energy resistance 1, electricity resistance, unbreathing,
petrification resistance, rot immunity, AC +7
a: Renounce Religion


You were on level 7 of the Dungeon.
You worshipped Kikubaaqudgha.
Kikubaaqudgha was noncommittal.
You were not hungry.

You visited 2 branches of the dungeon, and saw 9 of its levels.

You collected 864 gold pieces.
You spent 164 gold pieces at shops.

Inventory:

Hand weapons
 a - a +1 whip of draining (weapon)
 b - a +0 blowgun
 F - a +0 mace
Missiles
 B - 59 poisoned needles
 H - 4 tomahawks (quivered)
 J - 2 throwing nets
Armour
 o - a +2 helmet (worn)
 u - a +1 pair of gloves (worn)
 x - a +0 ring mail (worn)
 M - a +0 leather armour of cold resistance
Jewellery
 h - a +3 ring of strength (left hand)
 E - an amulet of warding (around neck)
 G - the ring "Epseod" (right hand) {Str+2 Dex+4}
   (You found it on level 8 of the Dungeon)

   [ring of strength]

   It affects your strength (+2).
   It affects your dexterity (+4).
Magical devices
 e - a wand of fireball (0)
 N - a wand of confusion (21)
 O - a wand of fire (0)
 R - a wand of polymorph (11)
Scrolls
 d - a scroll of blinking
 g - a scroll of recharging
 i - 3 scrolls of fog
 k - a scroll of immolation {unknown}
 l - 2 scrolls of enchant weapon
 q - a scroll of amnesia {unknown}
 w - 4 scrolls of teleportation
 y - a scroll of magic mapping
 D - a scroll of fear
 Q - a scroll of identify
Potions
 j - 5 potions of brilliance
 n - 2 potions of curing
 r - 2 potions of agility
 s - a potion of haste
 t - a potion of lignification
 v - 2 potions of might
 A - a potion of heal wounds
 C - a potion of flight
 K - a potion of mutation
Books
 c - a book of Spatial Translocations

   Spells                             Type                      Level
   a - Apportation                    Translocation                1
   b - Blink                          Translocation                2
   c - Shroud of Golubria             Charms/Translocation         2
   d - Portal Projectile              Translocation                3
   e - Teleport Other                 Translocation                3
   f - Passage of Golubria            Translocation                4
 p - a book of Changes

   Spells                             Type                      Level
   a - Beastly Appendage              Transmutation                1
   b - Sticks to Snakes               Transmutation                2
   c - Spider Form                    Transmutation/Poison         3
   d - Ice Form                       Ice/Transmutation            4
   e - Blade Hands                    Transmutation                5
 z - a book of the Earth

   Spells                             Type                      Level
   a - Leda's Liquefaction            Hexes/Earth                  4
   b - Bolt of Magma                  Conjuration/Fire/Earth       5
   c - Statue Form                    Transmutation/Earth          6
   d - Iron Shot                      Conjuration/Earth            6
   e - Shatter                        Earth                        9
 L - the Tome of Protection
   (You found it on level 8 of the Dungeon)

   Spells                             Type                      Level
   a - Song of Slaying                Charms                       2
   b - Sure Blade                     Hexes/Charms                 2
   c - Control Teleport               Charms/Translocation         4
   d - Iskenderun's Battlesphere      Conjuration/Charms           5
   e - Ring of Flames                 Charms/Fire                  7
Comestibles
 f - 5 bread rations
 m - 7 meat rations
 I - 6 beef jerkies
 P - 3 chunks of flesh


   Skills:
 + Level 7.0 Fighting
 + Level 10.8 Maces & Flails
 - Level 1.0 Throwing
 + Level 3.5 Armour
 + Level 3.0 Dodging
 - Level 2.0 Spellcasting
 - Level 7.5 Translocations


You had 10 spell levels left.
You knew the following spells:

 Your Spells              Type           Power        Failure   Level  Hunger
a - Apportation           Tloc           ###.......   1%          1    ##.....
b - Blink                 Tloc           N/A          2%          2    ###....


Dungeon Overview and Level Annotations

Branches:
Dungeon (8/15)             Temple (1/1) D:7            Lair (0/8) D:8

Altars:
Ashenzari
Cheibriados
Dithmenos
Elyvilon
Gozag
Kikubaaqudgha
Makhleb
Nemelex Xobeh
Okawaru
Qazlal
Ru
Sif Muna
Trog
Vehumet
Xom
Yredelemnul
Zin
The Shining One

Shops:
D:6 ?   D:7 (

Annotations:
D:3 Grinder
D:6 Sigmund


Innate Abilities, Weirdness & Mutations

You are resistant to torment.
You are immune to poison.
Your stone body is very resilient (AC +7).
You resist negative energy.
You are resistant to electric shocks.
You can survive without breathing.
You are immune to petrification.
You are immune to rotting.

Vault maps used:
D:1:      zaba_arrival_water
D:2:      first_bread, kennysheep_generic_room_11
D:3:      lemuel_doored_altar, nicolae_ru_awakened_eye, uniq_grinder
D:5:      minivault_25
D:6:      serial_shops, kennysheep_little_box, uniq_blork_the_orc, uniq_sigmund
D:7:      minmay_klotski, minmay_temple_entry_grid, serial_shops,
          nicolae_shop_trees, grunt_ogre_cave, nemelex_diamond_rough_becter
D:8:      minmay_lair_entry_grove, minmay_radiant
Temple:   grunt_circular_temple_18


Message History

The yak closely misses you.
You hit the yak but do no damage.
The yak is almost dead.
You hit the yak.
The yak is almost dead.
The yak gores you but does no damage.
You hit the yak but do no damage. You drain the yak!
You kill the yak!
Kikubaaqudgha accepts your kill.
There is an open door here.
You see here an arrow.
The centaur warrior shouts!
The centaur warrior wields a shortbow.
The centaur warrior shoots an arrow.
The arrow hits you!
You see here an arrow.
The centaur warrior shoots an arrow.
The arrow closely misses you.
The centaur warrior shoots an arrow.
The arrow hits you.
You see here an arrow.
There is an open door here.
Things that are here:
a robe; an enchanted hand axe; 2 arrows The centaur warrior unwields an uncursed shortbow.
The centaur warrior hits you but does no damage.
You see here a poisoned arrow.
You barely miss the centaur warrior. The centaur warrior closely misses you.
You hit the centaur warrior but do no damage.
The centaur warrior hits you.
You hit the centaur warrior. You drain the centaur warrior!
The centaur warrior is lightly wounded.
The centaur warrior hits you.
You hit the centaur warrior.
The centaur warrior is lightly wounded.
The centaur warrior hits you but does no damage.
You barely miss the centaur warrior.
The centaur warrior is lightly wounded.
The centaur warrior hits you but does no damage.
You hit the centaur warrior. You drain the centaur warrior!
The centaur warrior is moderately wounded.
You hit the centaur warrior. You drain the centaur warrior!
The centaur warrior is moderately wounded.
The centaur warrior hits you but does no damage.
You closely miss the centaur warrior.
The centaur warrior is moderately wounded.
The centaur warrior closely misses you. The shadow misses you.
You hit the centaur warrior but do no damage.
The centaur warrior is moderately wounded.
The centaur warrior barely misses you.
You hit the centaur warrior but do no damage.
You drain the centaur warrior!
The centaur warrior is moderately wounded.
The shadow hits you. The centaur warrior hits you.
You barely miss the centaur warrior.
The centaur warrior is moderately wounded.
The centaur warrior closely misses you. The shadow misses you.
You hit the centaur warrior.
The centaur warrior is moderately wounded.
You whack the centaur warrior!
The centaur warrior is heavily wounded.
The centaur warrior hits you. The shadow misses you.
You hit the centaur warrior.
The centaur warrior is heavily wounded.
The centaur warrior closely misses you.
You hit the centaur warrior. You drain the centaur warrior!
The centaur warrior is severely wounded.
The centaur warrior barely misses you. The shadow barely misses you.
You hit the centaur warrior. You drain the centaur warrior!
The centaur warrior is severely wounded.
The centaur warrior hits you but does no damage.
You hit the centaur warrior.
The centaur warrior is almost dead.
The shadow hits you.
The centaur warrior hits you but does no damage.
You hit the centaur warrior. You drain the centaur warrior!
The centaur warrior is almost dead.
The centaur warrior hits you but does no damage.
The shadow slips into darkness.
The shadow flickers and vanishes!
Deactivating autopickup; reactivate with Ctrl-A.
You hit the centaur warrior but do no damage.
You drain the centaur warrior!
The centaur warrior is almost dead.
You hit the centaur warrior but do no damage.
You drain the centaur warrior!
You kill the centaur warrior!
Kikubaaqudgha accepts your kill.
Your Fighting skill increases to level 7!
Your Armour skill increases to level 3!
Your Dodging skill increases to level 3!
The shadow strikes at you from the darkness!
Reactivating autopickup.
The shadow slips into darkness.
The shadow flickers and vanishes!
Deactivating autopickup; reactivate with Ctrl-A.
There is an open door here.
Things that are here:
a robe; an enchanted hand axe; 2 arrows You see here an arrow.
The shadow strikes at you from the darkness!
You die...
Kikubaaqudgha rasps: "You have failed me!
Welcome... oblivion!"

#.#.)..#..⌠.# ..#. #.#....+....#
...).#. #####.###########
.D....#. ......#....'....#
.P...#. ......#....#....# ....#.
.....##....#....# ...#.
.....##>...#....# .l#.
.....##########'##############†#.
.....# #....@...8#.........#.
.....# #.....(...#.........#.
.....# #.........#().((((..#.
.....# #8......(([.(...(...#.
.....#### #####################.
........# #....... ..#..##.##
#.###### .###.....# ####.#
#####..#.# #....# ##


There were no monsters in sight!

Table legend:
 A = Kills in this place as a percentage of kills in entire the game.
 B = Kills by you in this place as a percentage of kills by you in the entire game.
 C = Kills by friends in this place as a percentage of kills by friends in the entire game.
 D = Other kills in this place as a percentage of other kills in the entire game.
 E = Experience gained in this place as a percentage of experience gained in the entire game.
 F = Experience gained in this place divided by the number of levels of this place that you have seen.
                   A       B       C       D       E      F
               +-------+-------+-------+-------+-------+----------------------
         Total | 100.0 | 100.0 |  -nan |  -nan | 100.0 | 777.3
       Dungeon | 100.0 | 100.0 |  -nan |  -nan | 100.0 | 874.5
               +-------+-------+-------+-------+-------+----------------------

Vanquished Creatures
  A centaur warrior (D:7)
  A hill giant (D:8)
  2 basilisks (D:8)
  A yak (D:7)
  4 porcupines (D:8)
  2 orc warriors (D:7)
  A sky beast (D:8)
  4 ogres
  3 phantoms
  3 centaurs
  A crocodile (D:8)
  3 giant frogs
  A water moccasin zombie (D:8)
  A scorpion (D:7)
  4 killer bees (D:7)
  A wight (D:7)
  2 jellies (D:7)
  A goliath beetle (D:6)
  4 crimson imps
  2 hounds
  2 centaur skeletons
  A giant frog skeleton (D:7)
  8 worker ants
  2 iguanas
  4 orc wizards
  10 sheep (D:8)
  A hound skeleton (D:4)
  A river rat (D:8)
  8 adders
  2 gnolls
  A giant mite (D:5)
  2 shadow imps
  A worm (D:2)
  An adder zombie (D:7)
  6 giant geckos
  13 orcs
  A ball python (D:4)
  6 giant cockroaches
  11 goblins
  13 hobgoblins
  5 jackals
  13 kobolds
  3 quokkas
  18 bats
  4 giant newts
  A giant spore (D:7)
  8 rats
188 creatures vanquished.

Vanquished Creatures (others)
  A hobgoblin (D:7)
  A goblin (D:7)
  3 ballistomycetes (D:7)
  A plant (D:8)
6 creatures vanquished.

Grand Total: 194 creatures vanquished

Notes
Turn   | Place    | Note
--------------------------------------------------------------
     0 | D:1      | magipi, the Gargoyle Warper, began the quest for the Orb.
     0 | D:1      | Reached XP level 1. HP: 12/12 MP: 3/3
   296 | D:1      | Reached XP level 2. HP: 7/17 MP: 4/4
   635 | D:1      | Reached skill level 3 in Maces & Flails
  1057 | D:1      | Reached XP level 3. HP: 19/21 MP: 6/6
  2003 | D:2      | Reached skill level 4 in Maces & Flails
  2090 | D:2      | Reached XP level 4. HP: 23/26 MP: 7/7
  2592 | D:2      | Learned a level 2 spell: Blink
  2729 | D:3      | Noticed Grinder
  2755 | D:3      | Paralysed by Grinder for 3 turns
  2892 | D:3      | Found a sacrificial altar of Ru.
  2992 | D:3      | Reached XP level 5. HP: 30/30 MP: 9/9
  3220 | D:4      | Reached skill level 5 in Maces & Flails
  3248 | D:4      | Noticed a phantom
  3438 | D:4      | Killed a phantom
  3438 | D:4      | Reached XP level 6. HP: 15/35 MP: 10/10
  4114 | D:4      | Reached skill level 6 in Maces & Flails
  4114 | D:4      | Reached XP level 7. HP: 38/40 MP: 12/12
  4526 | D:5      | Entered Level 5 of the Dungeon
  4555 | D:5      | Reached skill level 5 in Translocations
  5051 | D:5      | HP: 2/40 [ice beast (14)]
  5697 | D:6      | Noticed Sigmund
  5958 | D:6      | Found Mnifa's Magic Scroll Boutique.
  5973 | D:6      | Bought a scroll of enchant weapon for 82 gold pieces
  5973 | D:6      | Bought a scroll of fear for 38 gold pieces
  5973 | D:6      | Bought a scroll of remove curse for 33 gold pieces
  5973 | D:6      | Bought a scroll of random uselessness for 11 gold pieces
  6168 | D:6      | Reached skill level 7 in Maces & Flails
  6168 | D:6      | Reached XP level 8. HP: 35/44 MP: 13/13
  6597 | D:7      | Reached skill level 8 in Maces & Flails
  6714 | D:7      | Found Jiopluac's Antique Weapon Emporium.
  6792 | D:7      | Found a sparkling altar of Nemelex Xobeh.
  7315 | D:7      | Reached XP level 9. HP: 39/48 MP: 14/14
  7507 | D:7      | Reached skill level 9 in Maces & Flails
  7586 | D:7      | Found a staircase to the Ecumenical Temple.
  7590 | Temple   | Entered the Ecumenical Temple
  7653 | Temple   | Became a worshipper of Kikubaaqudgha
  7854 | D:8      | Noticed a hill giant
  8331 | D:7      | Reached skill level 5 in Fighting
  8339 | D:7      | Noticed a centaur warrior
  8342 | D:7      | Noticed a seven-headed hydra
  8344 | D:7      | Noticed a komodo dragon
  8475 | D:8      | Reached skill level 10 in Maces & Flails
  8655 | D:8      | Got a brightly glowing lapis lazuli ring
  8657 | D:8      | Identified the Tome of Protection
  9006 | D:8      | Reached XP level 10. HP: 58/60 MP: 16/16
  9090 | D:8      | Killed a hill giant
  9407 | D:7      | Identified the ring "Epseod" {Str+2 Dex+4} (You found it on level 8 of the Dungeon)
  9413 | D:8      | Found a staircase to the Lair.
  9566 | D:7      | Killed a centaur warrior
  9572 | D:7      | Slain by a shadow

Action                   |  1- 3 |  4- 6 |  7- 9 | 10-12 || total
-------------------------+-------+-------+-------+-------++-------
Melee: Mace              |   177 |   239 |   209 |       ||   625
       Whip              |       |       |   403 |    84 ||   487
 Fire: Blowgun           |       |       |    15 |       ||    15
Throw: Tomahawk          |       |       |     5 |       ||     5
 Cast: Blink             |       |       |     1 |       ||     1
Evoke: Wand              |       |       |     2 |     4 ||     6
  Use: Scroll            |       |       |    12 |       ||    12
       Potion            |       |       |     2 |     1 ||     3
 Stab: Confused          |       |       |     1 |       ||     1
  Eat: Chunk             |     4 |     5 |     9 |     3 ||    21
       Royal jelly       |       |     1 |       |       ||     1
       Meat ration       |       |       |     1 |       ||     1
       Beef jerky        |       |       |     1 |       ||     1

Action                   |  1- 3 |  4- 6 |  7- 9 | 10-12 || total
-------------------------+-------+-------+-------+-------++-------
Melee: Mace              |   177 |   239 |   209 |       ||   625
       Whip              |       |       |   403 |    84 ||   487
 Fire: Blowgun           |       |       |    15 |       ||    15
Throw: Tomahawk          |       |       |     5 |       ||     5
 Cast: Blink             |       |       |     1 |       ||     1
Evoke: Wand              |       |       |     2 |     4 ||     6
  Use: Scroll            |       |       |    12 |       ||    12
       Potion            |       |       |     2 |     1 ||     3
 Stab: Confused          |       |       |     1 |       ||     1
  Eat: Chunk             |     4 |     5 |     9 |     3 ||    21
       Royal jelly       |       |     1 |       |       ||     1
       Meat ration       |       |       |     1 |       ||     1
       Beef jerky        |       |       |     1 |       ||     1

Action                   |  1- 3 |  4- 6 |  7- 9 | 10-12 || total
-------------------------+-------+-------+-------+-------++-------
Melee: Mace              |   177 |   239 |   209 |       ||   625
       Whip              |       |       |   403 |    84 ||   487
 Fire: Blowgun           |       |       |    15 |       ||    15
Throw: Tomahawk          |       |       |     5 |       ||     5
 Cast: Blink             |       |       |     1 |       ||     1
Evoke: Wand              |       |       |     2 |     4 ||     6
  Use: Scroll            |       |       |    12 |       ||    12
       Potion            |       |       |     2 |     1 ||     3
 Stab: Confused          |       |       |     1 |       ||     1
  Eat: Chunk             |     4 |     5 |     9 |     3 ||    21
       Royal jelly       |       |     1 |       |       ||     1
       Meat ration       |       |       |     1 |       ||     1
       Beef jerky        |       |       |     1 |       ||     1
